 Dungeon Crawl Stone Soup version 0.30-a0-121-gb27577e5d9 (webtiles) character file.

Game seed: 943640193930880548

4 KittyKat the Grave Robber (level 1, 0/13 HPs)
             Began as a Demonspawn Necromancer on Sept 14, 2022.
             Slain by a giant cockroach (1 damage)
             ... on level 1 of the Dungeon.
             The game lasted 00:00:36 (102 turns).

KittyKat the Grave Robber (Demonspawn Necromancer)   Turns: 102, Time: 00:00:37

Health: 0/13       AC:  2    Str:  8    XL:     1   Next: 50%
Magic:  0/3        EV: 12    Int: 16    God:
Gold:   0          SH:  0    Dex: 13    Spells: 3/4 levels left

rFire   . . .      SeeInvis .    (no weapon)
rCold   . . .      Faith    .    (no shield)
rNeg    . . .      Spirit   .    a - +0 robe
rPois   .          Reflect  .    (no helmet)
rElec   .          Harm     .    (no cloak)
rCorr   .          Rampage  .    (no gloves)
Will    .....                    (no boots)
Stlth   ++........               (no amulet)
HPRegen 0.04/turn                (no ring)
MPRegen 0.08/turn                (no ring)

@: no status effects
A: no striking features
a: no special abilities


You were on level 1 of the Dungeon.
You visited 1 branch of the dungeon, and saw 1 of its levels.

Inventory:

Armour
 a - a +0 robe (worn)
Potions
 b - a potion of magic


   Skills:
 - Level 1.7 Dodging
 - Level 1.7 Stealth
 + Level 2.1 Spellcasting
 * Level 4.5 Necromancy


You had 3 spell levels left.
You knew the following spells:

 Your Spells              Type           Power      Damage    Failure   Level
a - Necrotise             Necr           64%        1d7       3%          1

Your spell library contained the following spells:

 Spells                   Type           Power      Damage    Failure   Level
 Vampiric Draining        Necr           16%        2d7       10%         3
 Animate Dead             Necr           16%        N/A       30%         4
 Agony                    Necr           16%        N/A       65%         5


Dungeon Overview and Level Annotations

Branches:
Dungeon (1/15)

Altars:


Message History

The giant cockroach bites you but does no damage.
The jackal bites you but does no damage.
The giant cockroach bites you.
You closely miss the jackal. You punch the jackal, but do no damage.
The jackal is severely wounded.
The jackal misses you. The giant cockroach closely misses you.
The jackal misses you.
Casting: Necrotise (safe; 3% risk of failure)
Confirm with . or Enter, or press ? or * to list all spells.
Aiming: Necrotise (safe; 3% risk of failure)
Press: ? - help, Shift-Dir - straight line, f/p - jackal
Aim: a jackal (severely wounded, chance to affect: 86%)
The jackal writhes in agony.
You kill the jackal!
The dead are walking!
The giant cockroach bites you.
* * * LOW HITPOINT WARNING * * *
You barely miss the giant cockroach. The giant cockroach bites you.
* * * LOW HITPOINT WARNING * * *
Your jackal skeleton misses the giant cockroach.
You hit the giant cockroach.
The giant cockroach is moderately wounded.
The giant cockroach bites you.
* * * LOW HITPOINT WARNING * * *
Your jackal skeleton closely misses the giant cockroach.
You hit the giant cockroach.
The giant cockroach is heavily wounded.
The giant cockroach bites you but does no damage.
Your jackal skeleton closely misses the giant cockroach.
The giant cockroach bites you.
* * * LOW HITPOINT WARNING * * *
You closely miss the giant cockroach.
The giant cockroach is heavily wounded.
Your jackal skeleton closely misses the giant cockroach.
The giant cockroach closely misses you.
Unknown command.
Your jackal skeleton completely misses the giant cockroach.
You hit the giant cockroach.
The giant cockroach is almost dead.
The giant cockroach bites you.
You die...

.....................(
......................
......................
~~~~≈~≈~~~~~~~~~~~~~~.
~≈≈≈≈≈≈≈≈≈~~~≈≈≈≈≈≈≈≈.
≈≈≈≈≈≈≈≈≈≈≈≈~~≈≈≈≈≈≈~..
≈#+#'#≈≈≈≈≈≈≈#'#+# ~..
≈'...##'###+##..(+ ~~..
≈'...'.......'ZB@+≈≈~..
≈#'###.#####.###+#≈≈~...#
≈≈≈+...#...#...#≈≈≈≈.....
≈≈≈#.###...'.⌠.'≈~~..⌠...
≈≈≈#.###.<.'.⌠.'~≈~..⌠...
≈≈≈+...#...#...#≈≈≈~.....
≈#+###.#####.#'#+#≈≈~....
≈ #.......#...'≈≈~....
##+###'##..>'≈≈~....


You could see a giant cockroach (ally target) and a friendly jackal skeleton.

Vanquished Creatures
  3 jackals (D:1)
3 creatures vanquished.

Notes
Turn   | Place    | Note
-------+----------+-------------------------------------------
     0 | D:1      | KittyKat the Demonspawn Necromancer began the quest for the
                  | Orb.
     0 | D:1      | Reached XP level 1. HP: 13/13 MP: 3/3
   102 | D:1      | Slain by a giant cockroach

Illustrated notes

Levels and vault maps discovered:
D:1:      dpeg_arrival_castle, layout_basic,
          hellmonk_ecumenical_altar_heavens_door

Action                   || total
-------------------------++-------
Melee: Unarmed           ||    14
       Punch             ||     3
 Cast: Necrotise         ||     4
Armor: Robe              ||     5
Dodge: Dodged            ||    12

Table legend: (Time is in decaauts)
 A = Elapsed time spent in this place.
 B = Non-inter-level travel time spent in this place.
 C = Inter-level travel time spent in this place.
 D = Time resting spent in this place.
 E = Time spent auto-exploring this place.
 F = Levels seen in this place.
 G = Mean time per level.
                   A        B        C        D        E       F      G
               +--------+--------+--------+--------+--------+-----+--------+
         Total |    102 |    102 |      0 |      0 |     58 |   1 |  102.0 |
       Dungeon |    102 |    102 |      0 |      0 |     58 |   1 |  102.0 |
               +--------+--------+--------+--------+--------+-----+--------+

Top non-repeatable levels by time:
     D:1: 102 daAuts
